Map: Piliers d'or EC

Players

Tkitwa - Winner!

  • Race: Terran Terran
  • League: Diamond
  • Spawn Location: 1:00

Nazim

  • Race: Protoss Protoss
  • League: Diamond
  • Spawn Location: 7:00

VOD

Have the link to the VOD?

Description

Time

  • Played on: Oct. 26, 2020, 11:02 a.m.
  • Length: 9:31
Show
View Real Time Build Order
Export as new Build Order

Tkitwa Terran - Winner!

Build Orders:  

Get SALT Encoding   

  12  0:00  SCV  
  13  0:12  SCV  
  14  0:19  Supply Depot  
  14  0:24  SCV  
  15  0:41  SCV  
  16  0:42  Barracks  
  16  0:49  Refinery  
  16  0:53  SCV  
  17  1:05  SCV  
  18  1:17  SCV  
  19  1:29  SCV  
  20  1:33  Reaper  
  21  1:48  Command Center  
  22  1:56  Orbital Command  
  21  2:09  Marine, Supply Depot  
  22  2:20  Factory  
  22  2:33  Refinery, Barracks Reactor  
  22  2:36  SCV  
  23  2:51  SCV  
  24  3:03  SCV  
  25  3:09  Factory Tech Lab  
  25  3:10  Starport  
  25  3:12  Marine x2  
  27  3:20  Orbital Command  
  27  3:27  SCV  
  27  3:32  Cyclone  
  31  3:37  Marine  
  31  3:39  Marine, SCV  
  34  3:47  SCV  
  35  3:49  Starport Reactor  
  35  3:52  SCV  
  35  3:55  Marine  
  36  3:57  Marine  
  36  3:59  SCV  
  39  4:04  SCV  
  39  4:07  Barracks  
  40  4:11  SCV  
  40  4:13  Supply Depot  
  41  4:24  SCV  
  41  4:25  SCV  
  41  4:26  Medivac  
  45  4:32  Marine  
  45  4:34  Medivac, Marine  
  45  4:35  Supply Depot, Siege Tank  
  45  4:37  SCV x2  
  54  4:48  Barracks  
  54  4:57  SCV x2, Viking  
  58  5:00  Barracks Tech Lab  
  58  5:04  Command Center  
  58  5:12  Marine x2, Supply Depot  
  60  5:16  SCV x2  
  60  5:20  Stimpack  
  62  5:34  Marauder, SCV x2, Supply Depot  
  66  5:38  Supply Depot  
  66  5:42  Marine  
  66  5:43  Marine  
  66  5:47  Barracks Reactor  
  68  5:50  Engineering Bay  
  68  5:51  Engineering Bay  
  68  5:52  SCV x2  
  70  6:05  Marine x2  
  70  6:06  Marauder  
  65  6:49  Marine  
  65  6:50  Marine x2  
  65  6:51  Marauder, Siege Tank, Viking x2  
  74  7:08  Marine x2  
  74  7:09  Marine  
  74  7:11  Refinery  
  74  7:13  Refinery  
  76  7:16  Marine  
  76  7:17  Terran Infantry Armor Level 1, Terran Infantry Weapons Level 1  
  77  7:27  Marine x2  
  77  7:28  Marauder  
  81  7:30  SCV x2  
  81  7:34  Combat Shield  
  83  7:42  SCV  
  83  7:43  Orbital Command  
  84  7:47  Marine x3  
  84  7:48  Marine  
  84  7:49  Siege Tank  
  91  7:56  Marine  
  92  7:58  Armory  
  92  8:03  Barracks x2  
  92  8:05  Marine  
  93  8:08  Marine x2  
  95  8:14  SCV x3  
  95  8:17  Marine x2  
  94  8:35  Marauder  
  94  8:42  Marine x3  
  94  8:43  Marine  
Show
View Real Time Build Order
Export as new Build Order

Nazim Protoss 

Build Orders: 1 Gate Expand, Phoenix Opening 

Get SALT Encoding   

  12  0:00  Probe  
  13  0:12  Probe  
  14  0:20  Pylon  
  14  0:24  Probe  
  15  0:38  Probe  
  15  0:39  Gateway  
  16  0:50  Assimilator, Probe (Chrono Boost)  
  17  1:00  Probe (Chrono Boost)  
  18  1:05  Probe (Chrono Boost)  
  19  1:16  Probe  
  20  1:31  Cybernetics Core  
  20  1:40  Nexus  
  20  1:43  Probe  
  21  1:50  Assimilator  
  21  1:55  Probe  
  21  2:00  Pylon  
  22  2:07  Probe  
  23  2:16  Adept (Chrono Boost)  
  25  2:28  Stargate  
  25  2:35  Warp Gate  
  25  2:36  Probe  
  26  2:38  Adept  
  29  2:52  Probe x2 (Chrono Boost)  
  30  3:03  Probe (Chrono Boost)  
  30  3:05  Probe (Chrono Boost)  
  32  3:07  Probe (Chrono Boost)  
  32  3:11  Phoenix (Chrono Boost)  
  35  3:13  Probe  
  35  3:17  Adept  
  35  3:19  Probe  
  39  3:25  Probe  
  40  3:29  Gateway  
  40  3:31  Probe  
  41  3:37  Probe  
  41  3:38  Phoenix  
  44  3:44  Pylon  
  44  3:46  Probe  
  45  3:49  Probe  
  46  4:02  Probe x2  
  48  4:03  Phoenix  
  48  4:07  Gateway  
  50  4:28  Phoenix  
  52  4:32  Probe x2  
  52  4:38  Pylon  
  54  4:39  Assimilator  
  54  4:44  Assimilator  
  54  4:49  Pylon  
  54  4:53  Pylon  
  54  4:55  Nexus  
  54  4:56  Probe x2  
  54  4:58  Phoenix (Chrono Boost)  
  58  5:08  Probe x2  
  58  5:10  Pylon  
  58  5:12  Robotics Facility  
  60  5:20  Probe x2  
  62  5:32  Probe (Chrono Boost)  
  62  5:35  Probe (Chrono Boost)  
  65  5:44  Probe (Chrono Boost), Gateway  
  65  5:46  Gateway  
  65  5:48  Probe (Chrono Boost)  
  65  5:49  Gateway  
  66  5:50  Twilight Council  
  66  5:51  Forge  
  66  5:52  Probe (Chrono Boost)  
  66  5:54  Forge  
  66  5:56  Probe  
  68  6:00  Shield Battery  
  68  6:03  Probe, Stalker  
  71  6:07  Stalker  
  71  6:08  Probe  
  72  6:22  Stalker  
  69  6:32  Stalker x2  
  53  6:45  Stalker  
  53  6:46  Stalker x3  
  53  6:59  Stalker x2  
  53  7:08  Probe x2  
  53  7:09  Probe  
  56  7:20  Probe  
  56  7:21  Probe x2, Stalker x3  
  65  7:23  Blink (Chrono Boost)  
  65  7:33  Probe (Chrono Boost)  
  65  7:37  Probe x2 (Chrono Boost)  
  68  7:39  Assimilator  
  68  7:44  Assimilator  
  68  7:46  Phoenix  
  68  7:48  Probe (Chrono Boost)  
  71  7:51  Robotics Bay  
  71  7:52  Observer (Chrono Boost)  
  71  7:57  Probe x3  
  75  7:58  Stalker  
  75  8:09  Probe  
  75  8:10  Sentry x2  
  80  8:17  Zealot  
  80  8:18  Zealot x2  
  80  8:40  Zealot x6  
  43  9:01  Stalker x6  
Tags
 
Add a new tag
Caveats
  • Supply blocks, unpowered buildings, or Contaminate may cause inaccurate times.
  • Supply counts are checked every 10 seconds.